 Dungeon Crawl Stone Soup version 0.26-a0-1129-gc5df7fbe6a (webtiles) character file.

Game seed: 2826229200540952441

126 Dracia the Ruffian (level 4, -5/44 HPs)
             Began as a Troll Monk on Dec 18, 2020.
             Slain by a bullfrog (9 damage)
             ... on level 3 of the Dungeon.
             The game lasted 00:01:53 (1665 turns).

Dracia the Ruffian (Troll Monk)                     Turns: 1665, Time: 00:01:53

Health: -5/44      AC:  6    Str: 19    XL:     4   Next: 84%
Magic:  3/3        EV: 12    Int:  6    God:
Gold:   126        SH:  0    Dex: 19    Spells: 3/3 levels left

rFire    . . .     SeeInvis .     - Unarmed
rCold    . . .     Faith    .   (no shield)
rNeg     . . .     Spirit   .   a - +0 robe
rPois    .         Reflect  .   (helmet restricted)
rElec    .         Harm     .   (no cloak)
rCorr    +         Rampage  .   (gloves unavailable)
Will     .....                  (boots unavailable)
Stlth    ++........             m - amulet of magic regeneration
HPRegen  0.54/turn              D - +6 ring of dexterity
MPRegen  0.33/turn              R - ring of resist corrosion

@: lethally poisoned (-5 -> -7)
A: large, unfitting armour, claws 3, regeneration 1, shaggy fur 1, tough skin 3
a: no special abilities


You were on level 3 of the Dungeon.
You visited 1 branch of the dungeon, and saw 3 of its levels.

You collected 126 gold pieces.


Innate Abilities, Weirdness & Mutations

You are too large for most types of armour.
You have claws for hands.
Your natural rate of healing is unusually fast.
You are covered in fur. (AC +1)
You have extremely tough skin. (AC +3)


   Skills:
 - Level 2.4 Fighting
 + Level 3.7 Dodging
 - Level 1.0 Stealth
 + Level 4.5 Unarmed Combat


You had 3 spell levels left.
You didn't know any spells.
Your spell library was empty.

Inventory:

Armour
 a - a +0 robe (worn)
Jewellery
 m - an amulet of magic regeneration (around neck)
 D - a +6 ring of dexterity (left claw)
 R - a ring of resist corrosion (right claw)
Scrolls
 b - 3 scrolls of identify {unknown}
 e - a scroll of enchant weapon {unknown}
 k - a scroll of fog {unknown}
 l - a scroll of amnesia {unknown}
 p - 3 scrolls of teleportation {unknown}
 q - a scroll of fear {unknown}
 r - a scroll of remove curse {unknown}
Potions
 c - 5 potions of curing {unknown}
 d - 2 potions of haste {unknown}
 f - a potion of heal wounds {unknown}
 g - 3 potions of attraction {unknown}
 h - a potion of might {unknown}
 i - 2 potions of degeneration {unknown}
 j - 4 potions of mutation {unknown}
 n - a potion of invisibility {unknown}
 o - 2 potions of flight {unknown}

Dungeon Overview and Level Annotations

Branches:
Dungeon (3/15)

Altars:
Dithmenos

...###...................
..##.##......(((.....#.#
#.#._.#.##.....#.((..#..
#.......#....(.##..#.....
##.....######.##.........
.##...## #....g..#.#...
#'##### ###..##K###.# ##
..# .......F# # #.#
#####..##@#
#.######......##........
#........##÷..##########
######........#
....##...##.#.#
†....#...#..#...
.....#...#..#######
.....#...#........#
.....#.....######.#


You could see a bullfrog, a goblin and a kobold.


Message History

You feel sick. The bullfrog hits you. The bullfrog misses you.
You closely miss the bullfrog.
The bullfrog is heavily wounded.
You feel sick. The goblin barely misses you. The bullfrog hits you!
* * * LOW HITPOINT WARNING * * *
You are too injured to fight recklessly!
You are too injured to fight recklessly!
Unknown command.
You closely miss the bullfrog.
The bullfrog is heavily wounded.
You feel sick. The bullfrog barely misses you. The goblin barely misses you.
The kobold hits you.
* * * LOW HITPOINT WARNING * * *
The bullfrog hits you but does no damage.
You feel sick. The kobold closely misses you.
You feel sick. The bullfrog misses you. The goblin misses you.
The bullfrog hits you but does no damage.
You feel sick.
The goblin wields a +3 hunting sling.
The goblin shoots a stone.
The stone hits you but does no damage. The kobold barely misses you.
You see here a stone.
You feel sick.
The bullfrog snags a nearby mouse with its tongue.
The bullfrog hits you.
* * * LOW HITPOINT WARNING * * *
You feel sick.
You feel sick.
You feel sick.
You feel sick.
You feel sick. The bullfrog hits you!
You die...

Skill      XL: |  1  2  3 |
---------------+----------+-----
Dodging        | 3 |  3.7
Unarmed Combat | 4 |  4.5
Fighting       | |  2.4
Stealth        | |  1.0

Action                   |  1- 3 |  4- 6 || total
-------------------------+-------+-------++-------
Melee: Unarmed           |    80 |    47 ||   127
       Punch             |     2 |       ||     2
 Stab: Sleeping          |     2 |     1 ||     3
Armor: Robe              |    34 |    19 ||    53
Dodge: Dodged            |    26 |    38 ||    64

Levels and vault maps discovered:
D:1:      kilobyte_arrival_exit_the_forest, layout_loops_ring
D:2:      layout_basic
D:3:      layout_basic, nicolae_dithmenos_through_a_glass_darkly

Notes
Turn   | Place    | Note
-------+----------+-------------------------------------------
     0 | D:1      | Dracia the Troll Monk began the quest for the Orb.
     0 | D:1      | Reached XP level 1. HP: 22/22 MP: 0/0
   177 | D:1      | Reached XP level 2. HP: 26/29 MP: 1/1
   888 | D:2      | Reached skill level 3 in Dodging
   888 | D:2      | Reached XP level 3. HP: 36/36 MP: 2/2
   977 | D:2      | Reached skill level 4 in Unarmed Combat
   981 | D:2      | Reached XP level 4. HP: 27/44 MP: 3/3
  1629 | D:3      | Found a shadowy altar of Dithmenos.
  1644 | D:3      | Noticed a bullfrog
  1665 | D:3      | HP: 4/44 [poisoned by a kobold]
  1665 | D:3      | Slain by a bullfrog

Vanquished Creatures
  3 gnolls (D:2)
  3 adders
  A white imp (D:3)
  2 worms (D:2)
  3 dart slugs
  A leopard gecko (D:3)
  An orc (D:3)
  7 bats
  3 giant cockroaches
  6 goblins
  6 hobgoblins
  3 jackals (D:2)
  3 frilled lizards
  2 kobolds
  6 rats
50 creatures vanquished.

Table legend: (Time is in decaauts)
 A = Elapsed time spent in this place.
 B = Non-inter-level travel time spent in this place.
 C = Inter-level travel time spent in this place.
 D = Time resting spent in this place.
 E = Time spent auto-exploring this place.
 F = Levels seen in this place.
 G = Mean time per level.
                   A        B        C        D        E       F      G
               +--------+--------+--------+--------+--------+-----+--------+
         Total |   1661 |   1569 |     92 |      0 |   1287 |   3 |  553.7 |
       Dungeon |   1661 |   1569 |     92 |      0 |   1287 |   3 |  553.7 |
               +--------+--------+--------+--------+--------+-----+--------+

Top non-repeatable levels by time:
     D:1: 819 daAuts
     D:2: 578 daAuts
     D:3: 263 daAuts

Table legend:
 A = Non-vault XP
 B = Vault XP
 C = Vault XP percentage of total XP
 D = Non-vault monster count
 E = Vault monster count
 F = Vault count percentage of total count
                 A         B        C        D         E       F
            +---------+---------+-------+---------+---------+-------
      Total |     181 |       0 |   0.0 |      50 |       0 |   0.0
            +---------+---------+-------+---------+---------+-------
        D:1 |      24 |       0 |   0.0 |      15 |       0 |   0.0
        D:2 |     100 |       0 |   0.0 |      23 |       0 |   0.0
        D:3 |      57 |       0 |   0.0 |      12 |       0 |   0.0
            +---------+---------+-------+---------+---------+-------
